 Dungeon Crawl Stone Soup version 0.25-a0-647-gd602d06 (webtiles) character file.

Game seed: 15860102817280906695, levelgen mode: deterministic

286 Faca the Skirmisher (level 6, -1/51 HPs)
             Began as a Human Fighter on Mar 21, 2020.
             Slain by Eustachio
             ... wielding a +0 rapier
              (3 damage)
             ... on level 4 of the Dungeon.
             The game lasted 00:07:13 (4390 turns).

Faca the Skirmisher (Human Fighter)                 Turns: 4390, Time: 00:07:13

Health: -1/51      AC: 10    Str: 17 (18) XL:     6   Next: 56%
Magic:  6/6        EV:  4    Int:  5 (8)  God:
Gold:   177        SH:  8    Dex: 10 (13) Spells: 5/5 levels left

rFire    . . .     SeeInvis .   a - +1 long sword
rCold    . . .     Gourm    .   c - +0 kite shield
rNeg     . . .     Faith    .   p - +0 chain mail
rPois    .         Spirit   .   b - +0 helmet
rElec    .         Reflect  .   (no cloak)
rCorr    .         Harm     .   (no gloves)
MR       .....                  (no boots)
Stlth    ..........             (no amulet)
HPRegen  0.17/turn              d - ring of flight
MPRegen  0.10/turn              (no ring)

@: brilliant
A: no striking features
a: Evoke Flight


You were on level 4 of the Dungeon.
You were hungry.

You visited 2 branches of the dungeon, and saw 5 of its levels.

You collected 177 gold pieces.

Inventory:

Hand Weapons
 a - a +1 long sword (weapon)
Missiles
 m - 16 boomerangs (quivered)
Armour
 b - a +0 helmet (worn)
 c - a +0 kite shield (worn)
 p - a +0 chain mail (worn)
Jewellery
 d - a ring of flight (left hand)
 j - an uncursed ring of ice
Scrolls
 e - a scroll of immolation
 h - a scroll of enchant weapon
Potions
 g - a potion of cancellation
 i - a potion of invisibility {unknown}
 l - a potion of haste
Comestibles
 f - 4 rations


   Skills:
 + Level 5.2 Fighting
 + Level 4.7 Long Blades
 - Level 3.0 Armour
 - Level 3.0 Shields


You had 5 spell levels left.
You didn't know any spells.
Your spell library was empty.

Dungeon Overview and Level Annotations

Branches:
Dungeon (4/15)             Temple (1/1) D:4

Altars:
Ashenzari
Dithmenos
Fedhas
Gozag
Hepliaklqana
Makhleb
Nemelex Xobeh
Qazlal
Ru
Trog
Uskayaw
Xom
Yredelemnul
Zin
The Shining One

Shops:
D:2 *

Annotations:
D:4 3 runed translucent doors, Eustachio


Message History

Eustachio gestures wildly while chanting.
Eustachio blinks!
You block the quokka's attack.
There is an open door here.
You closely miss the quokka.
The quokka bites you but does no damage. x2
You block Eustachio's attack.
You hit Eustachio but do no damage.
Eustachio is lightly wounded.
You block the quokka's attack. Eustachio hits you but does no damage.
It was a potion of degeneration.
There was something very wrong with that liquid.
You feel weakened.
You feel dopey.
You feel clumsy.
The quasit disappears in a puff of smoke!
The quokka bites you but does no damage.
Eustachio hits you with a +0 rapier.
* * * LOW HITPOINT WARNING * * *
It was a potion of brilliance.
You feel clever all of a sudden. You block the quokka's attack.
Eustachio hits you with a +0 rapier.
You die...

......#..#.....'.....#
.....#...#.....#.....#
.....##..##'####..)..#
.....##.........)<...#
.....................#
.....................#
##'########.######...#
##...######.##########
'...........#...@rr..#
#...........#..r@#...#
###########.###.###..#
####...####.###.###..#
..........'...#......#
..5r5.....#...#...[ยง[#
..##..##.###'##..##r.#
..##.r##.###r######r##
..'....5..5.5.r.r..5.#


You could see Eustachio, a river rat, a quokka and a rat.

Vanquished Creatures
  2 orc priests
  Jessica (D:2)
  Robin (D:4)
  4 gnolls
  4 adders
  An ooze (D:1)
  4 worms (D:3)
  2 dart slugs
  13 orcs
  4 giant cockroaches
  13 goblins
  8 hobgoblins
  3 jackals (D:3)
  3 quokkas
  7 bats
  5 frilled lizards
  6 kobolds
  7 rats
88 creatures vanquished.

Notes
Turn   | Place    | Note
-------+----------+-------------------------------------------
     0 | D:1      | Faca the Human Fighter began the quest for the Orb.
     0 | D:1      | Reached XP level 1. HP: 18/18 MP: 1/1
   321 | D:1      | Reached XP level 2. HP: 24/24 MP: 2/2
   694 | D:1      | Reached XP level 3. HP: 29/29 MP: 3/3
   862 | D:2      | Found a glowing silver altar of Zin.
   863 | D:2      | Found a sacrificial altar of Ru.
   863 | D:2      | Found a sparkling altar of Nemelex Xobeh.
   864 | D:2      | Found a stormy altar of Qazlal.
   866 | D:2      | Noticed Jessica
   895 | D:2      | Killed Jessica
   895 | D:2      | Reached XP level 4. HP: 10/37 MP: 4/4
   963 | D:2      | Reached skill level 4 in Fighting
  1185 | D:2      | Found Gozag's Platinum Reserve.
  1187 | D:2      | Found an opulent altar of Gozag.
  1207 | D:2      | Found a bloodstained altar of Trog.
  1816 | D:3      | Reached XP level 5. HP: 11/43 MP: 5/5
  1832 | D:2      | HP: 1/43 [gnoll/+4 whip (3)]
  2526 | D:3      | Reached XP level 6. HP: 49/50 MP: 6/6
  2942 | D:3      | Reached skill level 5 in Fighting
  3272 | D:4      | Found a staircase to the Ecumenical Temple.
  3303 | Temple   | Entered the Ecumenical Temple
  3925 | D:4      | Noticed Robin
  3957 | D:4      | Killed Robin
  4297 | D:4      | Found a runed translucent gate.
  4297 | D:4      | Found a runed translucent gate.
  4297 | D:4      | Found a runed translucent gate.
  4299 | D:4      | Noticed Eustachio
  4389 | D:4      | HP: 2/51 [Eustachio/+0 rapier (6)]
  4390 | D:4      | Slain by Eustachio

Levels and vault maps discovered:
D:1:      giann_horns, layout_basic
D:2:      layout_basic, nicolae_gozag_zags_fifth_avenue,
          nicolae_overflow_crystal_walls, grunt_temple_overflow_open,
          corexii_item_surrounded_by_moat, uniq_jessica
D:3:      layout_loops_ring
D:4:      layout_gridville, lemuel_round_altar,
          minmay_temple_entry_proselytizer, gammafunk_ghost_icy,
          minmay_three_crescents, uniq_grinder, uniq_robin, uniq_eustachio
Temple:   compressed_dpeg_triangle_lava_temple

Skill      XL: |  1  2  3  4  5  6 |
---------------+-------------------+-----
Long Blades    | 3 4 |  4.7
Fighting       | 4 5 |  5.2
Armour         | |  3.0
Shields        | |  3.0

Action                   |  1- 3 |  4- 6 || total
-------------------------+-------+-------++-------
Melee: Long sword        |    72 |   297 ||   369
  Use: Scroll            |     3 |     4 ||     7
       Potion            |     1 |     2 ||     3
  Eat: Chunk             |       |    11 ||    11
Armor: Scale mail        |    29 |    71 ||   100
       Chain mail        |       |   113 ||   113
Dodge: Dodged            |    23 |    97 ||   120
Block: Kite shield       |    45 |   216 ||   261
       Rpst.: Long sword |     7 |    24 ||    31

Table legend:
 A = Non-vault XP
 B = Vault XP
 C = Vault XP percentage of total XP
 D = Non-vault monster count
 E = Vault monster count
 F = Vault count percentage of total count
                 A         B        C        D         E       F
            +---------+---------+-------+---------+---------+-------
      Total |     294 |     115 |  28.1 |      74 |      14 |  15.9
            +---------+---------+-------+---------+---------+-------
        D:1 |      29 |       0 |   0.0 |      15 |       0 |   0.0
        D:2 |      68 |      37 |  35.2 |      14 |       1 |   6.7
        D:3 |     176 |       2 |   1.1 |      37 |       1 |   2.6
        D:4 |      21 |      76 |  78.4 |       8 |      12 |  60.0
            +---------+---------+-------+---------+---------+-------
